 Dungeon Crawl Stone Soup version 0.30.1-11-g7821555f0a (webtiles) character file.

Game seed: 17188088060946938109

142 lonewolfV2 the Trooper (level 5, -13/47 HPs)
             Began as a Formicid Fighter on Nov 16, 2023.
             Mangled by a two-headed ogre
             ... wielding a +0 dire flail
              (20 damage)
             ... on level 6 of the Dungeon.
             The game lasted 00:04:58 (2616 turns).

lonewolfV2 the Trooper (Formicid Fighter)           Turns: 2616, Time: 00:04:59

Health: -13/47     AC: 10    Str: 32    XL:     5   Next: 50%
Magic:  14/14      EV: 14    Int:  8    God:
Gold:   181        SH:  5    Dex: 15    Spells: 4/4 levels left

rFire   . . .        a - +0 war axe
rCold   . . .        c - +0 buckler
rNeg    . . .        b - +0 scale mail
rPois   .            (helmet unavailable)
rElec   .            g - +0 cloak
rCorr   .            (no gloves)
SInv    +            l - +2 pair of slick slippers {slick, slippery, EV+4}
Will    .....        o - amulet of regeneration
Stlth   +            i - +6 ring of strength
HPRegen 1.07/turn    e - ring of Spontaneous Combustion {MP+9 Str+6 Stlth+}
MPRegen 0.14/turn

%: no passive effects
@: mighty
A: permanent stasis, dig shafts and tunnels, antennae 3, four strong arms
a: Dig, Shaft Self


You were on level 6 of the Dungeon.
You visited 1 branch of the dungeon, and saw 4 of its levels.

You collected 181 gold pieces.

Inventory:

Hand Weapons
 a - a +0 war axe (weapon)
Armour
 b - a +0 scale mail (worn)
 c - a +0 buckler (worn)
 g - a +0 cloak (worn)
 l - the +2 pair of slick slippers (worn) {slick, slippery, EV+4}
   (You acquired it on level 2 of the Dungeon)

   Slick:     Its wearer cannot be constricted, engulfed, netted or webbed.
   Slippery:  Its wearer slips away from damaging melee attacks, pulling the
   attacker onward.
   EV:        It affects your evasion (+4).
Jewellery
 e - the ring of Spontaneous Combustion (right hand) {MP+9 Str+6 Stlth+}
   (You found it on level 3 of the Dungeon)

   [ring of strength]

   Str:       It affects your strength (+6).
   MP:        It affects your magic capacity (+9).
   Stlth:     It makes you more stealthy.
 i - a +6 ring of strength (left hand)
 m - a ring of protection from fire
 o - an amulet of regeneration (around neck)
 p - a ring of protection from cold
Wands
 k - a wand of iceblast (5)
Scrolls
 q - a scroll of teleportation {unknown}
 r - a scroll of identify
Potions
 f - 2 potions of attraction {unknown}
 h - a potion of haste {unknown}
 j - 2 potions of flight
 n - a potion of degeneration {unknown}


   Skills:
 * Level 6.3 Fighting
 - Level 2.0 Axes
 - Level 3.2 Armour
 - Level 4.0 Shields


You had 4 spell levels left.
You didn't know any spells.
Your spell library contained the following spells:

 Spells                   Type           Power      Damage    Failure   Level
 Freeze                   Ice            0%         1d3       69%         1
 Frozen Ramparts          Ice            0%         1d1       96%         3
 Hailstorm                Conj/Ice       0%         3d3       96%         3
 Ice Form                 Ice/Tmut       0%         N/A       100%        4
 Passage of Golubria      Tloc           0%         N/A       100%        4
 Summon Ice Beast         Ice/Summ       0%         N/A       100%        4
 Silence                  Hex/Air        0%         N/A       100%        5
 Lehudib's Crystal Spear  Conj/Erth      0%         10d2      100%        8


Dungeon Overview and Level Annotations

Branches:
Dungeon (3/15)

Altars:

Shops:
D:1 [   D:2 =

Annotations:
D:1 2 transporters


Innate Abilities, Weirdness & Mutations

You cannot be hasted, slowed, berserked, paralysed or teleported.
You can dig through walls and to a lower floor.
You have a pair of large antennae on your head. (SInv)
Your four strong arms can wield two-handed weapons with a shield.


Message History

The giant cockroach is heavily wounded.
You block the giant cockroach's attack. x2
A giant cockroach is nearby!
You completely miss the giant cockroach.
The giant cockroach is heavily wounded.
You block the giant cockroach's attack. The giant cockroach closely misses you.
You barely miss the giant cockroach.
The giant cockroach is heavily wounded.
The giant cockroach closely misses you.
You hit the giant cockroach.
You kill the giant cockroach!
A sourceless malevolence fills the Dungeon...
You fall into a shaft and drop 3 floors!
The shaft crumbles and collapses.
Found a scroll of identify and 12 gold pieces.
You sense a monster nearby.
r - a scroll of identify You sense a monster nearby.
Found 5 stones.
You now have 181 gold pieces (gained 12).
You sense a monster nearby.
Found a stone staircase leading down.
A two-headed ogre comes into view.
It is wielding a +0 dire flail and a +0 giant club.
Found 14 gold pieces.
Found a stone staircase leading up.
You hit the two-headed ogre.
The two-headed ogre is lightly wounded.
The two-headed ogre closely misses you.
The two-headed ogre hits you with a +0 giant club!!
You slip backwards!
You barely miss the two-headed ogre. The two-headed ogre closely misses you.
The two-headed ogre hits you with a +0 giant club!!
* * * LOW HITPOINT WARNING * * *
You slip backwards!
You completely miss the two-headed ogre.
The two-headed ogre misses you. You block the two-headed ogre's attack.
You feel very mighty all of a sudden.
The two-headed ogre hits you but does no damage.
The two-headed ogre hits you with a +0 giant club!!
You die...

.........# ........# {
.......# #......## { { {
#.......## #...[....# ..
{ +........#.< ...
#..O........ #.. { {
{#.@.####.... #
#.########.#...# .
..#.........##...#
.............#..#.....
...........####........$
#......##......##.....>..
#.....##....#.(##........
#.....#...### ...........
#..........# #.# ...


You could see a two-headed ogre.

Vanquished Creatures
  An orc wizard (D:3)
  2 adders (D:2)
  A worm (D:3)
  5 dart slugs
  8 orcs (D:3)
  7 endoplasms
  4 giant cockroaches
  4 goblins
  5 hobgoblins
  7 jackals
  6 kobolds
  3 quokkas
  6 ball pythons
  6 bats
  2 frilled lizards (D:1)
  4 rats (D:1)
71 creatures vanquished.

Notes
Turn   | Place    | Note
-------+----------+-------------------------------------------
     0 | D:1      | lonewolfV2 the Formicid Fighter began the quest for the
                  | Orb.
     0 | D:1      | Reached XP level 1. HP: 18/18 MP: 1/1
   251 | D:1      | Reached XP level 2. HP: 25/25 MP: 2/2
   312 | D:1      | Found a faded altar of an unknown god.
   396 | D:1      | Found Moclac's Armour Shoppe.
   397 | D:1      | Noticed an animated shadow dragon scales
   397 | D:1      | Noticed an animated storm dragon scales
   403 | D:1      | Reached skill level 4 in Fighting
   793 | D:1      | Reached XP level 3. HP: 31/31 MP: 3/3
  1019 | D:2      | Found Ocopli Ydora's Jewellery Shop.
  1206 | D:2      | Reached skill level 5 in Fighting
  1286 | D:2      | Reached XP level 4. HP: 39/39 MP: 4/4
  1879 | D:2      | Identified a scroll of acquirement
  1879 | D:2      | Acquired the +2 pair of slick slippers {slick, slippery,
                  | EV+4}
  1879 | D:2      | Found the +2 pair of slick slippers {slick, slippery, EV+4}
  2102 | D:3      | Identified the ring of Spontaneous Combustion {MP+9 Str+6
                  | Stlth+}
  2333 | D:3      | Reached skill level 6 in Fighting
  2333 | D:3      | Reached XP level 5. HP: 46/46 MP: 5/5
  2588 | D:3      | You fall into a shaft and drop 3 floors!
  2608 | D:6      | Noticed a two-headed ogre
  2616 | D:6      | Mangled by a two-headed ogre

Illustrated notes

Levels and vault maps discovered:
D:1:      spicycebolla_arrival_transporter_tutorial, layout_basic,
          shapermc_ecumenical_altar_totnotflames, serial_shops,
          nicolae_shop_mannequins, minmay_misc_feat_tiny
D:2:      layout_loops_cross, serial_shops, shop, minmay_puff
D:3:      layout_loops_ring
D:6:      minmay_klotski, layout_cave_pools, okawaru_altar_gauntlet_db,
          minitemple, nicolae_kite_square_tiling_tiny, kennysheep_path_1

Skill      XL: |  1  2  3  4 |
---------------+-------------+-----
Fighting       | 4 5 6 |  6.3
Axes           | |  2.0
Armour         | |  3.2
Shields        | |  4.0

Action                     |  1- 3 |  4- 6 || total
---------------------------+-------+-------++-------
  Melee: War axe           |    93 |    97 ||   190
    Use: Scroll            |     2 |     3 ||     5
         Potion            |       |     1 ||     1
 Armour: Scale mail        |    54 |    40 ||    94
  Dodge: Dodged            |    56 |    58 ||   114
  Block: Buckler           |    28 |    24 ||    52
